AoeStats
← z3zaito

Arabia

508091187Analyzed
2v2 RM · 12d ago on Sep 20, 2026· 36m 25s· 4 players
Game mode
Random Map
Map size
Medium (4 player)
Population
200
Speed
Normal
Resources
Standard
Victory
Conquest
Starting age
Dark Age
Ending age
Imperial Age
RankedLock teamsTeams togetherTeam positionsShared explorationLock speedFull tech treeHidden civsTurbo modeCheats
Victory
Defeat
🇦🇷 Italians · Argentina
787
+16
🇦🇷 Bohemians · Argentina
770
+16
🇩🇪 Persians · Germany
831
-18
🇪🇸 Vietnamese · Spain
729
-14
Augusta
0:27 Loom
15:13 Feudal Age
15:55 Double-Bit Axe
16:36 Horse Collar
19:51 Fletching
20:33 Padded Archer Armor
23:05 Castle Age
24:06 Bodkin Arrow
23:34 Crossbowman
25:22 Leather Archer Armor
26:28 Bow Saw
31:43 Scale Barding Armor
32:11 Husbandry
35:46 Chain Barding Armor
nene
5:17 Loom
10:05 Feudal Age
15:45 Double-Bit Axe
15:43 Horse Collar
20:38 Castle Age
23:39 Gold Mining
23:40 Stone Mining
23:46 Stone Mining
24:34 Ballistics
25:56 Murder Holes
26:32 Elite Skirmisher
28:08 Bow Saw
29:53 Padded Archer Armor
29:43 Fletching
30:03 Forging
29:59 Caravan
30:17 Masonry
31:06 Wheelbarrow
33:18 Silk Road
33:25 Leather Archer Armor
34:27 Heavy Plow
37:52 Imperial Age
35:28 Bodkin Arrow
37:04 Hand Cart
z3zaito
2:42 Loom
10:06 Feudal Age
25:10 Castle Age
23:54 Horse Collar
25:26 Elite Skirmisher
27:04 Double-Bit Axe
31:13 Pikeman
34:23 Wheelbarrow
34:00 Bow Saw
34:22 Fletching
35:40 Heavy Plow
35:31 Town Watch
35:46 Bodkin Arrow
37:07 Bloodlines
36:58 Husbandry
andres.murillo3
11:28 Feudal Age
12:07 Man-at-Arms
13:49 Double-Bit Axe
23:30 Castle Age
24:14 Elite Skirmisher
25:16 Loom
26:56 Bow Saw
27:23 Forging
27:54 Long Swordsman
30:48 Horse Collar
32:29 Pikeman
Connection lost

Rejoining the realm…

Still unreachable

The connection could not be restored.

Session expired

The server has moved on; the page needs a fresh start.